 Dungeon Crawl Stone Soup version 0.21-a0-150-gc243083 (webtiles) character file.

10089 grindst0ne the Cleaver (level 11, -4/102 HPs)
             Began as a Hill Orc Abyssal Knight on July 26, 2017.
             Was a High Priest of Lugonu.
             Slain by a soul eater (11 damage)
             ... summoned by a kobold demonologist
             ... on level 10 of the Dungeon.
             The game lasted 00:20:00 (12384 turns).

grindst0ne the Cleaver (Hill Orc Abyssal Knight)   Turns: 12384, Time: 00:20:01

Health: -4/102     AC:  6    Str: 21    XL:     11   Next: 56%
Magic:  20/20      EV:  7    Int: 12    God:    Lugonu [*****.]
Gold:   734        SH:  0    Dex: 21    Spells: 10/10 levels left

rFire    . . .     SeeInvis .   a - +10 war axe of the Reaper {freeze, Dex+6}
rCold    . . .     Gourm    .   (no shield)
rNeg     . . .     Faith    .   D - +0 plate armour
rPois    .         Spirit   .   u - +2 hat
rElec    .         Reflect  .   l - +0 cloak
rCorr    .         Harm     .   m - +0 pair of gloves
MR       .....                  (no boots)
Stlth    ..........             o - amulet of magic regeneration
HPRegen  0.27/turn              x - +2 ring of strength
MPRegen  0.42/turn              A - +5 ring of dexterity

@: corroded
A: no striking features
a: Depart the Abyss, Bend Space, Banish, Corrupt, Enter the Abyss, Renounce
Religion


You were on level 10 of the Dungeon.
You worshipped Lugonu.
Lugonu was extremely pleased with you.
You were not hungry.

You visited 1 branch of the dungeon, and saw 10 of its levels.
You visited the Abyss 1 time.

You collected 734 gold pieces.

Inventory:

Hand Weapons
 a - the +10 war axe of the Reaper (weapon) {freeze, Dex+6}
   (You found it on level 7 of the Dungeon)

   It has been specially enchanted to freeze those struck by it, causing extra
   injury to most foes and up to half again as much damage against particularly
   susceptible opponents.
   It can also slow down cold-blooded creatures.
   It affects your dexterity (+6).
 b - a +7 blowgun
Missiles
 w - a throwing net (quivered)
Armour
 e - a +0 large shield
 l - a +0 cloak (worn)
 m - a +0 pair of gloves (worn)
 u - a +2 hat (worn)
 D - a +0 plate armour (worn)
Jewellery
 o - an amulet of magic regeneration (around neck)
 x - a +2 ring of strength (left hand)
 A - a +5 ring of dexterity (right hand)
Wands
 k - a wand of paralysis (0/24)
 y - a wand of iceblast (0/15)
Scrolls
 d - 2 scrolls of fear
 f - a scroll of vulnerability {unknown}
 q - 3 scrolls of remove curse
 s - 4 scrolls of fog
 v - 2 scrolls of magic mapping
 C - 6 scrolls of teleportation
 F - a scroll of noise {unknown}
 G - a scroll of amnesia {unknown}
Potions
 h - 3 potions of lignification
 i - 2 potions of invisibility {unknown}
 j - 2 potions of haste
 n - a potion of agility
 r - 2 potions of heal wounds {unknown}
 z - 4 potions of flight
 B - 2 potions of cancellation {unknown}
 K - a potion of mutation {unknown}
Books
 p - a book of Air

   Spells                             Type                      Level
   a - Shock                          Conjuration/Air              1
   b - Swiftness                      Charms/Air                   2
   c - Static Discharge               Conjuration/Air              3
   d - Airstrike                      Air                          4
   e - Lightning Bolt                 Conjuration/Air              5
Miscellaneous
 H - a phial of floods (inert)
 J - a lamp of fire (inert)
Comestibles
 c - 4 bread rations
 g - 6 meat rations
 t - 13 royal jellies
 E - 3 fruits


   Skills:
 + Level 11.4 Fighting
 + Level 12.6 Axes
 + Level 7.5 Armour
 - Level 0.7 Dodging
 - Level 12.0 Invocations
 * Level 3.3 Evocations


You had 10 spell levels left.
You didn't know any spells.

Dungeon Overview and Level Annotations

Branches:
Dungeon (10/15)            Temple (0/1) D:7            Lair (0/6) D:9
    Orc (0/2) D:9

Altars:
Dithmenos
Elyvilon
Gozag
Makhleb
Nemelex Xobeh
Okawaru
Qazlal
Ru
Trog
Vehumet
Wu Jian
Zin

Shops:
D:7 %

Annotations:
D:7 exclusion: downstairs
D:8 grindst0ne's ghost, novice HOFE
D:9 exclusion: downstairs


Message History

You hit the white imp. The sun demon hits you!!
You are engulfed in flames!
The crimson imp blinks!
The white imp gestures at you. The puff of frost hits you!
The rust devil barely misses you.
The kobold demonologist looks encouraged for a moment.
You hit the kobold demonologist but do no damage.
The kobold demonologist is almost dead.
You hit the kobold demonologist. You freeze the kobold demonologist.
You hit the sun demon but do no damage.
You hit the rust devil but do no damage.
You hit the soul eater but do no damage.
You closely miss the white imp. The sun demon hits you!
* * * LOW HITPOINT WARNING * * *
You are engulfed in flames!
* * * LOW HITPOINT WARNING * * *
The kobold demonologist hits you with a dagger.
* * * LOW HITPOINT WARNING * * *
The kobold demonologist mumbles some strange words.
The soul eater hits you!
You die...

.......... .........#
.........# .........######
.....5....... .. ..KKK4.$...
.. #K345....5 . #K@#
#53################
####..................
........(.............. #..
##.############........
..########.# #........
..........############........
.............................
#..............##############


You could see a soul eater, a sun demon, a hellwing, a rust devil, 3 kobold
demonologists, 2 iron imps, a crimson imp, a white imp and 2 kobolds.

Vanquished Creatures
  2 two-headed ogres
  A flayed ghost (D:9)
  3 trolls
  2 hornets (D:8)
  4 wraiths (D:9)
  6 yaks
  5 fire bats (D:9)
  A shadow (D:9)
  3 water moccasins
  5 orc warriors
  A sky beast (D:10)
  2 black bears (D:9)
  4 ice beasts
  A necrophage (D:10)
  6 ogres
  2 phantoms
  4 centaurs
  9 bullfrogs
  A scorpion (D:9)
  10 killer bees
  5 wights (D:9)
  A crimson imp (D:5)
  A centaur zombie (D:10)
  A centaur skeleton (D:8)
  6 hounds
  A quasit (D:10)
  Crazy Yiuf (D:4)
  6 orc priests
  2 bullfrog skeletons
  An iguana (D:7)
  3 orc wizards
  7 worker ants
  A hound zombie (D:5)
  2 hound skeletons
  A howler monkey zombie (D:8)
  12 adders
  4 gnolls (D:7)
  A howler monkey skeleton (D:9)
  A shadow imp (D:6)
  An ooze (D:2)
  An adder zombie (D:7)
  A worm (D:4)
  2 dart slugs
  6 leopard geckos
  26 orcs
  17 bats
  4 giant cockroaches
  19 goblins
  8 hobgoblins
  15 jackals
  3 quokkas
  6 ball pythons
  7 frilled lizards
  16 kobolds
  A leopard gecko skeleton (D:4)
  A leopard gecko zombie (D:8)
  A quokka skeleton (D:7)
  8 rats
272 creatures vanquished.

Vanquished Creatures (others)
  A quokka (D:7)
1 creature vanquished.

Grand Total: 273 creatures vanquished

Notes
Turn   | Place    | Note
-------+----------+-------------------------------------------
     0 | Abyss:1  | grindst0ne the Hill Orc Abyssal Knight began the quest for the Orb.
     0 | Abyss:1  | Reached XP level 1. HP: 19/19 MP: 2/2
    54 | Abyss:1  | Noticed a chaos spawn
    64 | Abyss:1  | Noticed an ancient zyme
    65 | D:1      | Escaped the Abyss
   134 | D:1      | Reached * piety under Lugonu
   207 | D:1      | Reached XP level 2. HP: 21/27 MP: 4/4
   803 | D:1      | Reached XP level 3. HP: 33/33 MP: 5/5
  1322 | D:2      | Reached ** piety under Lugonu
  1375 | D:2      | Reached XP level 4. HP: 31/40 MP: 6/6
  1888 | D:3      | Reached XP level 5. HP: 19/47 MP: 8/8
  2089 | D:3      | Found a bloodstained altar of Trog.
  2294 | D:3      | Found a burning altar of Makhleb.
  2420 | D:3      | Reached *** piety under Lugonu
  2645 | D:4      | Reached skill level 5 in Axes
  2662 | D:4      | Reached skill level 5 in Fighting
  3213 | D:4      | Found a runed door.
  3236 | D:4      | Reached XP level 6. HP: 53/56 MP: 9/9
  3278 | D:4      | Noticed a phantom
  3320 | D:4      | Killed a phantom
  3320 | D:4      | Reached skill level 5 in Invocations
  3841 | D:4      | Reached XP level 7. HP: 52/62 MP: 11/11
  4158 | D:5      | Entered Level 5 of the Dungeon
  4191 | D:4      | Noticed Crazy Yiuf
  4199 | D:4      | Killed Crazy Yiuf
  4619 | D:5      | Found a sparkling altar of Nemelex Xobeh.
  4688 | D:5      | Found a stormy altar of Qazlal.
  5354 | D:6      | Reached XP level 8. HP: 70/71 MP: 13/13
  6030 | D:6      | Reached **** piety under Lugonu
  7075 | D:7      | Found a sacrificial altar of Ru.
  7228 | D:7      | Reached XP level 9. HP: 78/81 MP: 15/15
  7255 | D:7      | Found Giuvu's Food Shoppe.
  7325 | D:7      | Found an ornate altar of the Wu Jian Council.
  7331 | D:7      | Found a staircase to the Ecumenical Temple.
  7348 | D:7      | Got a fine war axe
  7349 | D:7      | Identified the +10 war axe of the Reaper {freeze, Dex+6} (You found it on level 7 of the Dungeon)
  7410 | D:7      | Found a white marble altar of Elyvilon.
  7967 | D:8      | Reached skill level 10 in Axes
  8124 | D:8      | Reached ***** piety under Lugonu
  8124 | D:8      | Reached skill level 10 in Invocations
  8202 | D:8      | Noticed a hornet
  8206 | D:8      | Killed a hornet
  8208 | D:8      | Noticed a hornet
  8213 | D:8      | Killed a hornet
  8213 | D:8      | Reached XP level 10. HP: 53/91 MP: 17/17
  8318 | D:8      | Noticed grindst0ne's ghost (novice HOFE)
  9282 | D:9      | Noticed a two-headed ogre
  9294 | D:9      | Killed a two-headed ogre
  9294 | D:9      | Reached skill level 5 in Armour
  9555 | D:9      | Reached skill level 10 in Fighting
  9730 | D:9      | Found a staircase to the Orcish Mines.
  9786 | D:9      | Found a staircase to the Lair.
  9974 | D:9      | Found an opulent altar of Gozag.
  9994 | D:9      | Found a runed door.
 10558 | D:9      | Found an iron altar of Okawaru.
 10586 | D:9      | Found a glowing silver altar of Zin.
 10591 | D:9      | Found a radiant altar of Vehumet.
 10611 | D:9      | Found a shadowy altar of Dithmenos.
 10622 | D:9      | Reached XP level 11. HP: 67/101 MP: 19/19
 10756 | D:9      | Noticed a flayed ghost
 10768 | D:9      | Killed a flayed ghost
 10792 | D:9      | Found a stormy altar of Qazlal.
 10951 | D:10     | Entered Level 10 of the Dungeon
 11129 | D:10     | Noticed a two-headed ogre
 11156 | D:9      | Reached skill level 1 in Evocations
 11855 | D:10     | Killed a two-headed ogre
 12382 | D:10     | Noticed a sun demon
 12383 | D:10     | Noticed a soul eater
 12384 | D:10     | Slain by a soul eater

Vault maps used:
D:1:      zelgadis_glass_arrival_small
D:2:      kennysheep_the_goblin_king, minmay_octomino_c4
D:3:      nicolae_overflow_hidden_temple, makhleb_heckhound_becter
D:4:      first_bread, uniq_crazy_yiuf_cottage
D:5:      lemuel_doored_altar, minivault_11, grunt_qazlal_clouds
D:6:      minmay_misc_feat_roman
D:7:      nicolae_ru_path_of_blood, overflow_temple_1_default, elyvilon_altar_4,
          minmay_temple_entry_statues, serial_shops, shop
D:8:      hangedman_pestilent_swarm
D:9:      due_megacathedral, orc_0_dummy
D:10:     minmay_rotating_lava

Skill      XL: |  1  2  3  4  5  6  7  8  9 10 11 |
---------------+----------------------------------+-----
Axes           | 3 4 5 6 7 9 10 11 12 | 12.6
Invocations    | 3 4 5 7 8 10 11 12 | 12.0
Fighting       | 4 5 6 8 9 10 11 | 11.4
Armour         | 4 6 7 |  7.5
Evocations     | 3 |  3.3
Dodging        | |  0.7

Action                   |  1- 3 |  4- 6 |  7- 9 | 10-12 || total
-------------------------+-------+-------+-------+-------++-------
Melee: Hand axe          |   122 |   200 |   288 |       ||   610
       War axe           |       |       |   101 |   217 ||   318
Invok: Depart the Abyss  |     1 |       |       |       ||     1
       Bend Space        |       |       |       |    13 ||    13
Evoke: Wand              |       |       |     2 |     3 ||     5
       Lamp of fire      |       |       |       |     1 ||     1
       Phial of floods   |       |       |       |     1 ||     1
  Use: Scroll            |       |     7 |     6 |     2 ||    15
       Potion            |       |       |     4 |     1 ||     5
 Stab: Paralysed         |       |       |       |     1 ||     1
  Eat: Chunk             |     2 |     7 |    10 |     9 ||    28
       Bread ration      |       |       |     1 |     1 ||     2
Armor: Leather armour    |    17 |       |       |       ||    17
       Ring mail         |    32 |    80 |       |       ||   112
       Chain mail        |       |    15 |    89 |       ||   104
       Plate armour      |       |       |   151 |   202 ||   353
       Skin              |       |       |    14 |       ||    14
Dodge: Dodged            |   102 |   119 |   129 |    79 ||   429
